 Dungeon Crawl Stone Soup version 0.18.1-8-gdd0e5ea (webtiles) character file.

4211 tyrsky the Cruncher (level 10, -4/124 HPs)
             Began as a Minotaur Gladiator on May 29, 2016.
             Was a Priest of Okawaru.
             Slain by Gastronok (21 damage)
             ... on level 1 of the Lair of Beasts.
             The game lasted 00:24:12 (7216 turns).

tyrsky the Cruncher (Minotaur Gladiator)            Turns: 7216, Time: 00:24:13

Health: -4/124     AC: 25    Str: 20    XL:     10   Next: 8%
Magic:  9/9        EV:  2    Int:  5    God:    Okawaru [***...]
Gold:   305        SH:  0    Dex: 14    Spells: 0 memorised, 9 levels left

rFire  + . .     SeeInvis .     a - +0 quarterstaff
rCold  . . .     Gourm    +     (armour currently unavailable)
rNeg   + + +     Faith    .     (shield currently unavailable)
rPois  +         Spirit   .     (helmet currently unavailable)
rElec  .         Dismiss  .     (cloak currently unavailable)
rCorr  .         Reflect  .     (gloves currently unavailable)
SustAt +         Harm     .     (boots currently unavailable)
MR     .....     NoTele   +     t - amulet of the gourmand
Stlth  ++........               u - ring of sustain attributes
                                e - ring of protection from fire

@: tree-form (expiring), very slightly contaminated, not resistant to hostile
enchantments, unstealthy
A: (retaliatory headbutt), (horns 0)
a: Heroism, Renounce Religion


You were on level 1 of the Lair of Beasts.
You worshipped Okawaru.
Okawaru was most pleased with you.
You were very full.
You were a tree.
You visited 3 branches of the dungeon, and saw 10 of its levels.

You collected 305 gold pieces.

Inventory:

Hand Weapons
 a - a +0 quarterstaff (weapon)
Armour
 b - a +0 leather armour
 c - a +0 hat
 d - a +0 plate armour (melded)
 l - a +0 pair of gloves (melded)
 o - a +0 pair of boots (melded)
 q - a +0 scale mail of poison resistance
 w - a +0 robe of the Archmagi
 A - a +0 cloak (melded)
 P - a +1 hat (melded)
Jewellery
 e - a ring of protection from fire (left branch)
 i - an uncursed ring of protection from magic {unknown}
 n - an uncursed amulet of rage
 t - an amulet of the gourmand (around neck)
 u - a ring of sustain attributes (right branch)
 y - a +1 ring of evasion {unknown}
 G - a +3 ring of evasion {unknown}
 R - an uncursed amulet of dismissal {unknown}
Wands
 x - a wand of digging (14/24)
 F - a wand of random effects (21/48)
 I - a wand of disintegration (12/24)
 O - a wand of confusion (27/48)
 Q - a wand of iceblast (2/15)
 S - a wand of polymorph (16/24)
Scrolls
 s - 4 scrolls of identify {unknown}
 C - a scroll of fog {unknown}
 J - a scroll of vulnerability {unknown}
 L - a scroll of enchant weapon {unknown}
 N - 2 scrolls of remove curse
 T - 2 scrolls of immolation
Potions
 k - a potion of lignification
 m - a potion of degeneration {unknown}
 p - a potion of ambrosia {unknown}
 z - a potion of brilliance {unknown}
 E - a potion of haste {unknown}
 H - a potion of cure mutation {unknown}
 K - a potion of cancellation {unknown}
Books
 v - a book of Air

   Spells                             Type                      Level
   a - Shock                          Conjuration/Air              1
   b - Swiftness                      Charms/Air                   2
   c - Repel Missiles                 Charms/Air                   2
   d - Static Discharge               Conjuration/Air              3
   e - Lightning Bolt                 Conjuration/Air              5
Comestibles
 f - 4 bread rations
 g - 9 meat rations
 j - 7 fruits
 B - a royal jelly


   Skills:
 + Level 5.9 Fighting
 - Level 14.5 Staves
 - Level 2.0 Throwing
 + Level 4.7 Armour
 + Level 5.9 Dodging


You had 9 spell levels left.
You didn't know any spells.

Dungeon Overview and Level Annotations

Branches:
Dungeon (8/15)             Temple (1/1) D:6            Lair (1/8) D:8

Altars:
Ashenzari
Cheibriados
Elyvilon
Gozag
Nemelex Xobeh
Okawaru
Pakellas
Qazlal
Ru
Sif Muna
Trog
Vehumet

Shops:
D:8 [

Annotations:
D:4 Loading's ghost, novice HOFi
Lair:1 Gastronok


Innate Abilities, Weirdness & Mutations

((You reflexively headbutt those who attack you in melee.))
((You have a pair of horns on your head.))


Message History

You hit Gastronok.
Gastronok is heavily wounded.
You sock Gastronok!
Gastronok is heavily wounded.
Gastronok casts a spell.
Gastronok puts on a burst of speed!
You hit Gastronok.
Gastronok is heavily wounded.
You hit Gastronok.
Gastronok is heavily wounded.
You feel yourself speed up. Gastronok bites you but does no damage.
You hit Gastronok but do no damage.
Gastronok is heavily wounded.
You sock Gastronok!
Gastronok is heavily wounded.
You hit Gastronok.
Gastronok is heavily wounded.
Gastronok bites you!!
You die...

.... ....... #.... .......
...#..... ......
...#....########....###
##.....................
.......................
.......................
...............<.......
.........w♣............
............####P###.......
.
...........######.#....###
..##....##...÷#......#....#
..#......#....##..........#
....................##....#
..............#P....##....#
..#......#....##....##....#
..#...§.......##....##.(..#


You could see Gastronok (inner flame).

Vanquished Creatures
  A troll (D:8)
  4 blink frogs (Lair:1)
  Sigmund (D:4)
  2 wargs
  Edmund (D:6)
  Duvessa (D:5)
  2 porcupines (Lair:1)
  An orc warrior (D:5)
  A phantom (D:3)
  A centaur (D:6)
  3 crocodiles
  Blork the orc (D:6)
  A big kobold (D:5)
  A giant frog (D:8)
  Dowan (D:5)
  A scorpion (D:8)
  The ghost of Flavorfulsole the Ducker, a weakling TrBe of Trog (D:3)
  11 killer bees
  4 wights (D:6)
  2 crimson imps
  2 howler monkeys
  2 hounds
  2 giant frog zombies (D:5)
  2 orc priests (D:8)
  2 orc wizards
  Terence (D:3)
  4 iguanas
  4 worker ants
  7 adders
  A gnoll (D:1)
  13 river rats (Lair:1)
  A shadow imp (D:5)
  An ooze (D:3)
  An adder skeleton (D:7)
  A worm (D:2)
  2 giant geckos (D:6)
  17 orcs
  7 bats
  2 giant cockroaches
  5 goblins
  3 hobgoblins
  7 jackals
  16 kobolds
  7 quokkas
  2 giant gecko skeletons (D:6)
  A giant gecko zombie (D:6)
  5 giant newts
  2 jackal skeletons
  4 rats
165 creatures vanquished.

Notes
Turn   | Place    | Note
--------------------------------------------------------------
     0 | D:1      | tyrsky the Minotaur Gladiator began the quest for the Orb.
     0 | D:1      | Reached XP level 1. HP: 18/18 MP: 0/0
    52 | D:1      | Reached skill level 4 in Staves
   132 | D:1      | Reached XP level 2. HP: 25/25 MP: 1/1
   482 | D:1      | Reached skill level 5 in Staves
   620 | D:2      | Reached XP level 3. HP: 30/30 MP: 2/2
   826 | D:3      | Reached skill level 6 in Staves
   826 | D:3      | Reached XP level 4. HP: 35/37 MP: 3/3
   898 | D:3      | Noticed Terence
   907 | D:3      | Killed Terence
  1171 | D:3      | Noticed Flavorfulsole's ghost (weakling TrBe)
  1187 | D:3      | Killed Flavorfulsole's ghost
  1187 | D:3      | Reached skill level 7 in Staves
  1187 | D:3      | Reached XP level 5. HP: 25/42 MP: 4/4
  1367 | D:3      | Noticed a phantom
  1378 | D:3      | Killed a phantom
  1378 | D:3      | Reached skill level 8 in Staves
  1378 | D:3      | Reached XP level 6. HP: 38/50 MP: 5/5
  1439 | D:3      | Found an oddly glowing altar of Pakellas.
  1554 | D:4      | Noticed Sigmund
  1683 | D:4      | Noticed Loading's ghost (novice HOFi)
  1704 | D:5      | Entered Level 5 of the Dungeon
  1780 | D:5      | Reached skill level 9 in Staves
  1797 | D:5      | Found a deep blue altar of Sif Muna.
  1977 | D:5      | Noticed an orc warrior
  2161 | D:5      | Reached XP level 7. HP: 52/56 MP: 6/6
  2236 | D:5      | Reached skill level 10 in Staves
  2625 | D:5      | Noticed Dowan
  2630 | D:5      | Noticed Duvessa
  2643 | D:5      | Killed Duvessa
  2653 | D:5      | Killed Dowan
  2910 | D:4      | Found an opulent altar of Gozag.
  3069 | D:4      | Killed Sigmund
  3069 | D:4      | Reached skill level 11 in Staves
  3069 | D:4      | Reached XP level 8. HP: 60/62 MP: 7/7
  3108 | D:4      | Found a white marble altar of Elyvilon.
  3108 | D:4      | Found a shattered altar of Ashenzari.
  3222 | D:4      | Found a sacrificial altar of Ru.
  3477 | D:6      | Noticed Edmund
  3508 | D:6      | Killed Edmund
  3508 | D:6      | Reached skill level 12 in Staves
  4348 | D:6      | Found a staircase to the Ecumenical Temple.
  4348 | D:6      | Noticed Blork the orc
  4353 | D:6      | Killed Blork the orc
  4363 | Temple   | Entered the Ecumenical Temple
  4373 | Temple   | Became a worshipper of Warmaster Okawaru
  4477 | D:7      | Reached skill level 13 in Staves
  5224 | D:7      | Reached XP level 9. HP: 62/68 MP: 8/8
  5491 | D:7      | Reached skill level 14 in Staves
  5631 | D:8      | Found Ijyal's Armour Shop.
  5701 | D:8      | Reached * piety under Okawaru
  5729 | D:8      | Found a staircase to the Lair.
  6476 | D:8      | Noticed a troll
  6483 | D:8      | Killed a troll
  6483 | D:8      | Reached skill level 1 in Armour
  6549 | Lair:1   | Entered Level 1 of the Lair of Beasts
  6582 | Lair:1   | Reached ** piety under Okawaru
  6816 | Lair:1   | Reached skill level 5 in Dodging
  6881 | Lair:1   | Reached skill level 5 in Fighting
  6900 | Lair:1   | Reached XP level 10. HP: 37/82 MP: 9/9
  7144 | Lair:1   | Noticed Gastronok
  7201 | Lair:1   | Reached *** piety under Okawaru
  7216 | Lair:1   | Slain by Gastronok

Skill      XL: |  1  2  3  4  5  6  7  8  9 |
---------------+----------------------------+-----
Staves         | 4 5 6 7 8 9 11 13 14 | 14.5
Fighting       | 5 |  5.9
Armour         | 4 |  4.7
Dodging        | 5 |  5.9
Throwing       | |  2.0

Action                   |  1- 3 |  4- 6 |  7- 9 | 10-12 || total
-------------------------+-------+-------+-------+-------++-------
Melee: Quarterstaff      |    43 |   113 |   383 |    36 ||   575
       Headbutt          |     9 |    22 |    72 |     4 ||   107
Throw: Throwing net      |    21 |     7 |       |       ||    28
Invok: Heroism           |       |       |     3 |       ||     3
  Use: Scroll            |       |     6 |     4 |     3 ||    13
       Potion            |       |     1 |     7 |     3 ||    11
 Stab: Held in net/web   |     3 |     1 |       |       ||     4
  Eat: Chunk             |       |     5 |    23 |       ||    28
Armor: Leather armour    |     6 |       |       |       ||     6
       Scale mail        |       |    30 |     4 |       ||    34
       Plate armour      |       |       |   162 |     5 ||   167
       Skin              |       |       |       |    13 ||    13
Dodge: Dodged            |    20 |    43 |    96 |     2 ||   161
